 Dungeon Crawl Stone Soup version 0.30.0 (webtiles) character file.

Game seed: 4917613084522883840

68988 strontium90w the Protected (level 15, -7/115 HPs)
             Began as a Gnoll Summoner on Oct 6, 2023.
             Was an Elder of Sif Muna.
             Mangled by a +6 vampiric glaive (32 damage)
             ... on level 1 of the Elven Halls on Oct 7, 2023.
             The game lasted 02:09:03 (23656 turns).

strontium90w the Protected (Gnoll Summoner)        Turns: 23656, Time: 02:09:03

Health: -7/115     AC: 11    Str: 11    XL:     15   Next: 28%
Magic:  29/30      EV: 17    Int: 21    God:    Sif Muna [****..]
Gold:   1421       SH:  0    Dex: 13    Spells: 2/36 levels left

rFire   + . .        z - +7 dagger "Araghurph" {drain, Fragile Fly rC+ Str+3}
rCold   + . .        (no shield)
rNeg    . . .        P - +2 robe {rF+}
rPois   .            J - +1 hat
rElec   .            n - scarf {repulsion}
rCorr   .            k - +0 pair of gloves
SInv    +            h - +2 pair of boots
Will    +....        Y - amulet of magic regeneration
Stlth   +++++        W - ring of see invisible
HPRegen 0.39/turn    (no ring)
MPRegen 0.62/turn

%: repel missiles
@: flying, studying Armour
A: fangs 1, strong nose, distributed training
a: Renounce Religion, Channel Magic, Forget Spell, Divine Exegesis


You were on level 1 of the Elven Halls.
You worshipped Sif Muna.
Sif Muna was greatly pleased with you.
You visited 4 branches of the dungeon, and saw 19 of its levels.
You also visited: Sewer and Bailey.

You collected 2071 gold pieces.
You spent 650 gold pieces at shops.

Inventory:

Hand Weapons
 a - a +4 shortbow
 o - a +2 dagger of freezing
 u - a +2 sling of freezing
 z - the +7 dagger "Araghurph" (weapon) {drain, Fragile Fly rC+ Str+3}
   (You found it on level 3 of the Dungeon)

   Str:       It affects your strength (+3).
   rC:        It protects you from cold.
   Fly:       It grants you flight.
   Fragile:   It will be destroyed if unequipped.
 C - a +4 dagger
Missiles
 c - 32 javelins
 g - 52 poisoned darts
 S - a curare-tipped dart
Armour
 d - a scarf of invisibility
 h - a +2 pair of boots (worn)
 k - a +0 pair of gloves (worn)
 n - a scarf of repulsion (worn)
 p - a +2 robe of cold resistance
 r - +0 acid dragon scales
 y - a +1 pair of boots
 F - a +1 cloak
 J - a +1 hat (worn)
 L - +1 steam dragon scales
 O - a +1 robe of resistance
 P - a +2 robe of fire resistance (worn)
 T - a scarf of harm
Magical Staves
 X - the staff of poison "Pupluted" {rPois rC+ Str+5}
   (You found it on level 11 of the Dungeon)

   [staff of poison]

   Base accuracy: +5 Base damage: 5 Base attack delay: 1.2 This weapon's minimum
   attack delay (0.6) is reached at skill level 12.
   Str:       It affects your strength (+5).
   rC:        It protects you from cold.
   rPois:     It protects you from poison.
   It falls into the 'Staves' category.
   It is a one-handed weapon.
Jewellery
 m - a ring of ice
 I - an amulet of reflection
 W - a ring of see invisible (left hand)
 Y - an amulet of magic regeneration (around neck)
Wands
 q - a wand of flame (27)
 B - a wand of paralysis (3)
 D - a wand of iceblast (16)
 M - a wand of acid (11)
 R - a wand of polymorph (7)
Scrolls
 s - 3 scrolls of identify
 v - a scroll of magic mapping
 w - 2 scrolls of amnesia
 x - 3 scrolls of teleportation
 A - a scroll of immolation
 H - 3 scrolls of poison
 Q - 2 scrolls of silence
 U - 2 scrolls of enchant weapon
 Z - 3 scrolls of fog
Potions
 b - a potion of magic
 e - 3 potions of flight
 f - a potion of berserk rage
 i - a potion of resistance
 j - 2 potions of curing
 l - 3 potions of haste
 t - 3 potions of ambrosia
 E - 4 potions of might
 N - 2 potions of cancellation
 V - a potion of brilliance
Miscellaneous
 K - a phial of floods


   Skills:
 + Level 10.3 Fighting
 + Level 10.3 Short Blades
 + Level 10.3 Long Blades
 + Level 10.3 Axes
 + Level 10.3 Maces & Flails
 + Level 10.3 Polearms
 + Level 10.3 Staves
 + Level 10.3 Ranged Weapons
 + Level 10.3 Throwing
 + Level 13.1 Armour
 + Level 11.2 Dodging
 + Level 11.1 Stealth
 + Level 10.3 Shields
 + Level 10.3 Unarmed Combat
 + Level 11.4 Spellcasting
 + Level 8.6 Conjurations
 + Level 8.6 Hexes
 + Level 11.1 Summonings
 + Level 8.6 Necromancy
 + Level 8.6 Translocations
 + Level 8.6 Transmutations
 + Level 8.6 Fire Magic
 + Level 8.6 Ice Magic
 + Level 8.6 Air Magic
 + Level 8.6 Earth Magic
 + Level 8.6 Poison Magic
 + Level 11.2 Invocations
 + Level 10.3 Evocations


You had 2 spell levels left.
You knew the following spells:

 Your Spells              Type           Power      Damage    Failure   Level
a - Summon Ice Beast      Ice/Summ       52%        N/A       1%          4
b - Call Imp              Summ           100%       N/A       1%          2
c - Call Canine Familiar  Summ           56%        N/A       1%          3
d - Summon Guardian Gole  Hex/Summ       52%        N/A       1%          3
e - Summon Lightning Spi  Summ/Air       52%        N/A       1%          4
f - Magic Dart            Conj           100%       1d8       1%          1
g - Mephitic Cloud        Conj/Pois/Air  48%        N/A       1%          3
h - Stone Arrow           Conj/Erth      96%        3d13      1%          3
i - Summon Cactus Giant   Summ           28%        N/A       9%          6
j - Summon Forest         Summ/Tloc      26%        N/A       2%          5

Your spell library contained the following spells:

 Spells                   Type           Power      Damage    Failure   Level
 Apportation              Tloc           96%        N/A       1%          1
 Beastly Appendage        Tmut           96%        N/A       1%          1
 Kiss of Death            Conj/Necr      100%       2d13      1%          1
 Necrotise                Necr           100%       1d9       1%          1
 Sandblast                Erth           96%        2d20      1%          1
 Sting                    Tmut/Pois      100%       1d8       1%          1
 Summon Small Mammal      Summ           100%       N/A       1%          1
 Passwall                 Tmut/Erth      40%        N/A       1%          2
 Scorch                   Fire           96%        2d9       1%          2
 Static Discharge         Conj/Air       96%        2-6/arc   1%          2
 Wereblood                Tmut           48%        N/A       1%          2
 Confusing Touch          Hex            48%        N/A       1%          3
 Frozen Ramparts          Ice            96%        1d15      1%          3
 Inner Flame              Hex/Fire       48%        N/A       1%          3
 Portal Projectile        Hex/Tloc       96%        N/A       1%          3
 Spider Form              Tmut/Pois      48%        N/A       1%          3
 Teleport Other           Tloc           48%        N/A       1%          3
 Airstrike                Air            24%        2d(4-20)  1%          4
 Anguish                  Hex/Necr       24%        N/A       1%          4
 Animate Dead             Necr           48%        N/A       1%          4
 Dispel Undead            Necr           48%        3d18      1%          4
 Flame Wave               Conj/Fire      48%        2d12      1%          4
 Fulminant Prism          Conj/Hex       24%        3d12      1%          4
 Ice Form                 Ice/Tmut       48%        N/A       1%          4
 Iskenderun's Mystic Bla  Conj/Tloc      48%        2d11      1%          4
 Leda's Liquefaction      Hex/Erth       24%        N/A       1%          4
 Manifold Assault         Tloc           48%        N/A       1%          4
 Sticky Flame             Conj/Fire      48%        2d7       1%          4
 Alistair's Intoxication  Tmut/Pois      32%        N/A       4%          5
 Blade Hands              Tmut           24%        N/A       4%          5
 Borgnjor's Vile Clutch   Necr/Erth      24%        N/A       4%          5
 Irradiate                Conj/Tmut      24%        3d19      4%          5
 Iskenderun's Battlesphe  Conj           48%        2d10      4%          5
 Silence                  Hex/Air        24%        N/A       4%          5
 Death Channel            Necr           24%        N/A       24%         6
 Dispersal                Tloc           24%        N/A       24%         6
 Eringya's Noxious Bog    Tmut/Pois      24%        N/A       24%         6
 Iron Shot                Conj/Erth      24%        9d5       24%         6
 Starburst                Conj/Fire      24%        6d8       24%         6
 Malign Gateway           Summ/Tloc      26%        N/A       63%         7
 Spellforged Servitor     Conj/Summ      26%        N/A       63%         7
 Dragon Form              Tmut           24%        N/A       80%         7
 Enfeeble                 Hex            24%        N/A       80%         7


Dungeon Overview and Level Annotations

Branches:
Dungeon (13/15)            Temple (0/1) D:6            Lair (3/5) D:8
  Swamp (0/4) Lair:2       Spider (0/4) Lair:2          Orc (2/2) D:12
    Elf (1/3) Orc:2         Sewer (visited)          Bailey (visited)
 Vaults: D:13-14

Altars:
Cheibriados
Dithmenos
Elyvilon
Fedhas
Hepliaklqana
Sif Muna
Trog
Vehumet
Wu Jian
Zin

Shops:
D:11 ?[   Orc:1 (   Orc:2 **:(

Portals:
Pandemonium: Orc:2
Trove: D:12 (give +3 gold dragon scales)

Annotations:
D:9 1 transporter
Orc:2 2 transporters, Endbringerleviathan's ghost, journeyman NaFE


Innate Abilities, Weirdness & Mutations

You have very sharp teeth.
Your uncanny sense of smell can sniff out nearby items.
Your experience applies equally to all skills.


Message History

Sif Muna accepts your kill. The +6 vampiric glaive misses you.
The deep elf zephyrmancer gestures at you while chanting.
The bolt of lightning hits the +2 scimitar of draining.
The +2 scimitar of draining completely resists.
The bolt of lightning hits the +6 vampiric glaive.
The +6 vampiric glaive completely resists.
The bolt of lightning hits you!!
* * * LOW HITPOINT WARNING * * *
Your ice beast barely misses the +6 vampiric glaive.
You hear a shout! x2
You swap places.
The +6 vampiric glaive hits your warg!!
Your ice beast closely misses the +6 vampiric glaive.
You feel much better.
Your warg bites the +6 vampiric glaive.
The +6 vampiric glaive hits you from afar!!
* * * LOW HITPOINT WARNING * * *
Your ice beast misses the +2 scimitar of draining.
The +2 scimitar of draining hits your warg!
Unknown command.
The fire elemental hits your warg. The fire elemental burns your warg!
Your warg dies!
Your warg's corpse disappears in a puff of smoke!
The +6 vampiric glaive hits your guardian golem!!
Your ice beast closely misses the +2 scimitar of draining.
Your guardian golem overheats!
The +6 vampiric glaive hits your guardian golem.
Your guardian golem disappears in a puff of smoke!
Your guardian golem explodes!
The fiery explosion engulfs the +6 vampiric glaive!
The +6 vampiric glaive resists.
You hear a shout!
The +6 vampiric glaive is engulfed in blazing flames.
You reach down and open the door.
The +6 vampiric glaive is engulfed in blazing flames.
The +2 scimitar of draining is engulfed in blazing flames.
The +2 scimitar of draining is engulfed in blazing flames.
There is an open door here.
There is a staircase back to the Mines here.
The +6 vampiric glaive hits you from afar!!
You die...

###.## ##○#
####....###§§#
............☼##
#####.##.###E#
#. #.# #.# #.
#.# #(# #
##'###(#######
#.......#....##
#......@......##
#..............#
+...............
#.....(.[.......
##.)....#......#
##....##.....##
####+# ####+#


You could see a fire elemental and 2 dancing weapons.

Vanquished Creatures
  Snorg (D:11)
  Josephine (D:13)
  3 two-headed ogres
  A tengu warrior (D:12)
  An orc high priest (Orc:2)
  A soul eater (Orc:2)
  A deep elf zephyrmancer (Elf:1)
  An orc sorcerer (Orc:2)
  2 cyclopes
  A black mamba (Lair:3)
  2 cane toads
  A nameless horror (D:11)
  A rime drake (Lair:2)
  3 trolls
  A hornet (D:7)
  10 yaks
  2 wraiths
  2 steam dragons
  Menkaure (D:4)
  3 vampire mosquitoes (D:12)
  A redback (Lair:2)
  A warg (Orc:2)
  A swamp worm (Lair:2)
  An acid dragon (D:11)
  4 water moccasins
  2 ice beasts
  14 orc warriors
  An ogre (Orc:1)
  12 centaurs
  A phantom (D:4)
  3 kobold brigands
  3 bullfrogs
  4 killer bees
  2 hounds (D:5)
  4 jellies
  11 orc priests
  2 gnoll boudas
  A sleepcap (D:6)
  Ijyb (D:4)
  7 orc wizards
  Natasha (twice) (D:3)
  2 iguanas
  A gnoll (Orc:2)
  6 adders
  2 shadow imps
  2 white imps
  An ufetubus (D:4)
  A worm (D:4)
  A dart slug (D:5)
  32 orcs
  3 bats
  4 endoplasms
  2 giant cockroaches
  4 goblins
  4 hobgoblins
  A jackal (D:2)
  6 quokkas
  4 ball pythons
  14 kobolds
  A rat (D:3)
208 creatures vanquished.

Vanquished Creatures (collateral kills)
  2 orc warlords (Orc:1)
  The ghost of Draconius the Thaumaturge, a journeyman DjCj of Makhleb (D:12)
  The ghost of IAmTheZeppo the Skirmisher, a journeyman DsFi of Gozag (D:11)
  A demonspawn (Orc:2)
  A centaur warrior (D:13)
  2 boulder beetles
  A dancing weapon (Elf:1)
  2 two-headed ogres
  Urug (Orc:2)
  8 orc high priests (Orc:2)
  A deep elf knight (Elf:1)
  A sixfirhy (Orc:2)
  4 orc knights (Orc:2)
  3 ugly things
  5 orc sorcerers
  3 cyclopes
  2 manticores
  An elephant (Lair:3)
  A rust devil (Orc:2)
  A black mamba (Lair:3)
  A smoke demon (Orc:2)
  A rime drake (Lair:2)
  2 cane toads (Lair:3)
  An unseen horror (D:9)
  A kobold demonologist (D:9)
  A tengu conjurer (D:13)
  3 komodo dragons
  An ice devil (Orc:2)
  8 trolls
  2 polar bears
  A meliai (shapeshifter) (D:13)
  3 tyrant leeches (Lair:2)
  Prince Ribbit (D:6)
  4 shadows
  An air elemental (Elf:1)
  5 wraiths
  15 yaks
  3 wyverns
  A steam dragon (D:8)
  2 redbacks (Lair:2)
  3 vampire mosquitoes (D:12)
  An acid dragon (D:12)
  2 nameless horrors
  6 water moccasins
  Pargi (Sewer)
  34 orc warriors
  A black bear (D:8)
  An ice beast (D:8)
  14 centaurs
  4 ogres
  A kobold brigand (D:9)
  5 bullfrogs
  2 scorpions (D:7)
  2 wights (D:9)
  4 killer bees
  5 howler monkeys
  A jelly (D:8)
  2 hounds
  19 orc priests
  A gnoll bouda (D:6)
  An iguana (D:7)
  Natasha (D:3)
  A sleepcap (D:5)
  10 orc wizards
  7 gnolls
  3 adders (D:3)
  An ufetubus (D:7)
  A worm (D:2)
  A dart slug (D:2)
  74 orcs
  3 giant cockroaches
  7 goblins
  3 hobgoblins
  2 jackals (D:2)
  16 kobolds
  A quokka (D:4)
  3 ball pythons
  5 bats
  A frilled lizard (D:1)
  A rat (D:3)
350 creatures vanquished.

Vanquished Creatures (others)
  2 orc knights (Orc:2)
  3 orc sorcerers (Orc:2)
  2 elephants (Lair:3)
  Joseph (D:10)
  A komodo dragon (Lair:3)
  2 trolls
  A tyrant leech (Lair:2)
  8 yaks
  10 orc warriors
  3 wights (D:9)
  A gnoll bouda (D:8)
  An orc priest (Orc:2)
  An orc wizard (Orc:2)
  4 orcs
  A bush (Lair:2)
  5 fungi
  11 plants
57 creatures vanquished.

Grand Total: 615 creatures vanquished

Notes
Turn   | Place    | Note
-------+----------+-------------------------------------------
     0 | D:1      | strontium90w the Gnoll Summoner began the quest for the
                  | Orb.
     0 | D:1      | Reached XP level 1. HP: 13/13 MP: 6/6
   271 | D:1      | Reached XP level 2. HP: 18/19 MP: 5/7
  1106 | D:2      | Reached skill level 5 in Spellcasting
  1106 | D:2      | Reached XP level 3. HP: 25/25 MP: 7/9
  1109 | D:2      | Learned a level 2 spell: Call Imp
  1113 | D:2      | Learned a level 3 spell: Call Canine Familiar
  1377 | D:2      | Found a glowing silver altar of Zin.
  1403 | D:2      | Reached skill level 1 in Invocations
  1534 | D:2      | Reached skill level 1 in Fighting
  1534 | D:2      | Reached skill level 1 in Short Blades
  1534 | D:2      | Reached skill level 1 in Long Blades
  1534 | D:2      | Reached skill level 1 in Axes
  1534 | D:2      | Reached skill level 1 in Maces & Flails
  1534 | D:2      | Reached skill level 1 in Polearms
  1534 | D:2      | Reached skill level 1 in Staves
  1534 | D:2      | Reached skill level 1 in Ranged Weapons
  1534 | D:2      | Reached skill level 1 in Throwing
  1534 | D:2      | Reached skill level 1 in Armour
  1534 | D:2      | Reached skill level 1 in Shields
  1534 | D:2      | Reached skill level 1 in Unarmed Combat
  1534 | D:2      | Reached skill level 1 in Evocations
  1783 | D:3      | Found a glowing drain.
  1783 | D:3      | Noticed Natasha
  1800 | D:3      | Reached XP level 4. HP: 32/32 MP: 4/11
  1808 | D:3      | Reached skill level 1 in Conjurations
  1808 | D:3      | Reached skill level 1 in Hexes
  1808 | D:3      | Reached skill level 1 in Necromancy
  1808 | D:3      | Reached skill level 1 in Translocations
  1808 | D:3      | Reached skill level 1 in Transmutations
  1808 | D:3      | Reached skill level 1 in Fire Magic
  1808 | D:3      | Reached skill level 1 in Ice Magic
  1808 | D:3      | Reached skill level 1 in Air Magic
  1808 | D:3      | Reached skill level 1 in Earth Magic
  1808 | D:3      | Reached skill level 1 in Poison Magic
  1816 | Sewer    | Entered a sewer
  1920 | Sewer    | Noticed Pargi
  1967 | Sewer    | Killed Pargi
  1968 | Sewer    | Reached XP level 5. HP: 7/37 MP: 2/12
  2140 | D:3      | Killed Natasha
  2234 | D:3      | Identified the +7 dagger "Araghurph" {drain, Fragile Fly
                  | rC+ Str+3}
  2250 | D:3      | Found a shimmering blue altar of Sif Muna.
  2253 | D:3      | Found a snail-covered altar of Cheibriados.
  2256 | D:3      | Found an ornate altar of the Wu Jian Council.
  2261 | D:3      | Found a radiant altar of Vehumet.
  2261 | D:3      | Found a blossoming altar of Fedhas.
  2262 | D:3      | Found a shadowy altar of Dithmenos.
  2266 | D:3      | Found a bloodstained altar of Trog.
  2296 | D:3      | Became a worshipper of Sif Muna the Loreminder
  2420 | D:3      | Reached XP level 6. HP: 44/44 MP: 4/13
  2645 | D:3      | Noticed Natasha
  2650 | D:3      | Killed Natasha
  2651 | D:3      | Reached skill level 5 in Dodging
  2684 | D:3      | Noticed Natasha
  2691 | D:3      | Killed Natasha
  2692 | D:3      | Reached skill level 2 in Armour
  2901 | D:4      | Found a hazy altar of Hepliaklqana.
  2958 | D:4      | Noticed Ijyb
  2968 | D:4      | Killed Ijyb
  2969 | D:4      | Reached XP level 7. HP: 26/51 MP: 13/15
  3070 | D:4      | Noticed Menkaure
  3085 | D:4      | Killed Menkaure
  3555 | D:4      | Reached skill level 5 in Stealth
  3563 | D:4      | Reached * piety under Sif Muna
  3705 | D:4      | Learned a level 3 spell: Summon Guardian Golem
  3710 | D:4      | Learned a level 4 spell: Summon Lightning Spire
  3848 | D:4      | Learned a level 1 spell: Magic Dart
  3880 | D:5      | Entered Level 5 of the Dungeon
  4097 | D:5      | Reached skill level 3 in Armour
  4097 | D:5      | Reached XP level 8. HP: 52/58 MP: 10/16
  4897 | D:6      | Found a staircase to the Ecumenical Temple.
  5188 | D:6      | Noticed Prince Ribbit
  5206 | D:6      | Killed Prince Ribbit
  5498 | D:6      | Reached XP level 9. HP: 65/65 MP: 18/18
  5604 | D:6      | Learned a level 3 spell: Mephitic Cloud
  5646 | D:7      | Reached skill level 4 in Armour
  5662 | D:7      | Reached ** piety under Sif Muna
  6176 | D:7      | Reached skill level 5 in Invocations
  6242 | D:7      | Noticed a hornet
  6270 | D:7      | Killed a hornet
  6939 | D:8      | Noticed a cyclops
  6947 | D:8      | Reached skill level 5 in Fighting
  6947 | D:8      | Reached skill level 5 in Short Blades
  6947 | D:8      | Reached skill level 5 in Long Blades
  6947 | D:8      | Reached skill level 5 in Axes
  6947 | D:8      | Reached skill level 5 in Maces & Flails
  6947 | D:8      | Reached skill level 5 in Polearms
  6947 | D:8      | Reached skill level 5 in Staves
  6947 | D:8      | Reached skill level 5 in Ranged Weapons
  6947 | D:8      | Reached skill level 5 in Throwing
  6947 | D:8      | Reached skill level 5 in Armour
  6947 | D:8      | Reached skill level 5 in Shields
  6947 | D:8      | Reached skill level 5 in Unarmed Combat
  6947 | D:8      | Reached skill level 5 in Evocations
  6947 | D:8      | Reached XP level 10. HP: 74/74 MP: 6/20
  6951 | D:8      | Killed a cyclops
  7057 | D:8      | Found a flagged portal.
  7072 | Bailey   | Entered a bailey
  7079 | Bailey   | Reached *** piety under Sif Muna
  8248 | D:8      | Reached skill level 6 in Armour
  8348 | D:8      | Reached skill level 5 in Conjurations
  8348 | D:8      | Reached skill level 5 in Hexes
  8348 | D:8      | Reached skill level 5 in Necromancy
  8348 | D:8      | Reached skill level 5 in Translocations
  8348 | D:8      | Reached skill level 5 in Transmutations
  8348 | D:8      | Reached skill level 5 in Fire Magic
  8348 | D:8      | Reached skill level 5 in Ice Magic
  8348 | D:8      | Reached skill level 5 in Air Magic
  8348 | D:8      | Reached skill level 5 in Earth Magic
  8348 | D:8      | Reached skill level 5 in Poison Magic
  8355 | D:8      | Reached XP level 11. HP: 60/81 MP: 11/22
  8514 | D:8      | Reached **** piety under Sif Muna
  8662 | D:8      | Found a white marble altar of Elyvilon.
  8662 | D:8      | Found a glowing silver altar of Zin.
  8869 | D:8      | Found a staircase to the Lair.
  8928 | D:9      | Found a transporter.
  8995 | D:9      | Found a transporter.
  9957 | D:9      | Reached skill level 8 in Armour
  9957 | D:9      | Reached XP level 12. HP: 38/91 MP: 18/24
 10287 | Lair:1   | Entered Level 1 of the Lair of Beasts
 11219 | Lair:1   | Learned a level 3 spell: Stone Arrow
 11264 | Lair:2   | Found a hole to the Spider Nest.
 11329 | Lair:2   | Reached skill level 9 in Armour
 11595 | Lair:2   | Reached ***** piety under Sif Muna
 12563 | Lair:2   | Received a gift from Sif Muna
 12583 | Lair:2   | Reached XP level 13. HP: 98/98 MP: 10/26
 12689 | Lair:2   | Found a staircase to the Swamp.
 13190 | Lair:3   | Reached skill level 10 in Armour
 13212 | Lair:3   | Reached skill level 10 in Summonings
 13468 | D:10     | Entered Level 10 of the Dungeon
 13816 | D:10     | Noticed Joseph
 13838 | D:10     | Killed Joseph
 14322 | D:11     | Noticed Snorg
 14322 | D:11     | Found Ydoklagh's Armour Emporium.
 14340 | D:11     | Killed Snorg
 14522 | D:11     | Learned a level 6 spell: Summon Cactus Giant
 14560 | D:11     | Received a gift from Sif Muna
 14661 | D:11     | Found a runed translucent door.
 14672 | D:11     | Noticed IAmTheZeppo's ghost (journeyman DsFi)
 14770 | D:11     | Reached skill level 10 in Spellcasting
 15002 | D:11     | Found Foegoshy's Magic Scroll Boutique.
 15625 | D:11     | Killed IAmTheZeppo's ghost
 15637 | D:11     | Identified the staff of poison "Pupluted" {rPois rC+ Str+5}
 15725 | D:12     | Reached skill level 10 in Dodging
 15933 | D:12     | Found a portal to a secret trove of treasure.
 16206 | D:12     | Found a staircase to the Orcish Mines.
 16264 | D:12     | Reached skill level 11 in Armour
 16805 | D:12     | Found a runed translucent door.
 16805 | D:12     | Noticed Draconius's ghost (journeyman DjCj)
 17064 | D:12     | Reached skill level 10 in Stealth
 17456 | Orc:1    | Entered Level 1 of the Orcish Mines
 17483 | Orc:1    | Reached XP level 14. HP: 108/108 MP: 20/28
 18073 | Orc:1    | Learned a level 4 spell: Summon Ice Beast
 18111 | Orc:2    | Entered Level 2 of the Orcish Mines
 18119 | Orc:2    | Paralysed by an orc sorcerer for 5 turns
 18120 | Orc:2    | Received a gift from Sif Muna
 18127 | Orc:2    | Reached skill level 10 in Invocations
 18336 | Orc:2    | Noticed Urug
 18351 | Orc:2    | Noticed an orc warlord
 18352 | Orc:2    | Killed Urug
 18354 | Orc:2    | Paralysed by an orc sorcerer for 4 turns
 18358 | Orc:2    | Found a staircase to the Elven Halls.
 18549 | Orc:1    | Found Saan's Antique Weapon Shop.
 18636 | Orc:1    | Killed an orc warlord
 19212 | Orc:2    | Noticed an orc warlord
 19398 | Orc:1    | Killed an orc warlord
 19852 | Orc:2    | Paralysed by an orc sorcerer for 5 turns
 20153 | Orc:2    | Got Sif Muna's Elucidation of Hexes and Transmutation {god
                  | gift}
 20333 | Orc:2    | Received a gift from Sif Muna
 20335 | Orc:2    | Reached skill level 12 in Armour
 20377 | Orc:2    | Got Sif Muna's Folio of Blinking Hyperthermia {god gift}
 20528 | Orc:2    | Found a transporter.
 20549 | Orc:2    | Identified the ring "Viat" {rPois Will- EV+5 Str-3 SInv
                  | Stlth+}
 20571 | Orc:2    | Found Heps's General Store.
 20727 | Orc:2    | Noticed a stone giant
 20729 | Orc:2    | Found a bloodstained altar of Trog.
 21012 | Orc:2    | Found Xuiraefu's General Store.
 21362 | Orc:2    | Bought a scroll of enchant armour for 90 gold pieces
 21366 | Orc:2    | Bought a phial of floods for 560 gold pieces
 21565 | Orc:2    | Paralysed by an orc sorcerer for 2 turns
 21845 | Orc:2    | Reached skill level 10 in Fighting
 21845 | Orc:2    | Reached skill level 10 in Short Blades
 21845 | Orc:2    | Reached skill level 10 in Long Blades
 21845 | Orc:2    | Reached skill level 10 in Axes
 21845 | Orc:2    | Reached skill level 10 in Maces & Flails
 21845 | Orc:2    | Reached skill level 10 in Polearms
 21845 | Orc:2    | Reached skill level 10 in Staves
 21845 | Orc:2    | Reached skill level 10 in Ranged Weapons
 21845 | Orc:2    | Reached skill level 10 in Throwing
 21845 | Orc:2    | Reached skill level 10 in Shields
 21845 | Orc:2    | Reached skill level 10 in Unarmed Combat
 21845 | Orc:2    | Reached skill level 10 in Evocations
 21856 | Orc:2    | Reached XP level 15. HP: 81/115 MP: 13/30
 21889 | Orc:2    | Found Meuf's Antique Weapon Emporium.
 21889 | Orc:2    | Found Xuwexif's Book Shoppe.
 21890 | Orc:2    | Found a one-way gate leading to the halls of Pandemonium.
 22065 | Orc:2    | Noticed Endbringerleviathan's ghost (journeyman NaFE)
 22075 | Orc:2    | Found a transporter.
 22184 | D:12     | Killed Draconius's ghost
 22375 | D:13     | Noticed Josephine
 22690 | D:13     | Killed Josephine
 22810 | D:13     | Learned a level 5 spell: Summon Forest
 22955 | D:13     | Reached skill level 13 in Armour
 23577 | Elf:1    | Entered Level 1 of the Elven Halls
 23632 | Elf:1    | Paralysed by an air elemental for 1 turns
 23638 | Elf:1    | Paralysed by an air elemental for 1 turns
 23656 | Elf:1    | Mangled by a +6 vampiric glaive

Illustrated notes

Levels and vault maps discovered:
D:1:      amcnicky_arrival_gap_in_the_tavern_cellar, layout_basic
D:2:      layout_basic, basic_altar
D:3:      layout_basic, minitemple, gup_sewer_entry_glass,
          kennysheep_generic_room_10, uniq_natasha
D:4:      layout_loops_ring, mainiacjoe_overflow_small_starburst, uniq_ijyb,
          uniq_menkaure
D:5:      layout_loops_ring, nrook_loot_triangle
D:6:      layout_rooms, minmay_temple_entry_slanted, uniq_prince_ribbit1
D:7:      layout_basic, hex_intersection
D:8:      cheibrodos_ideogram_h, layout_rooms,
          gammafunk_temple_overflow_elements, lair_entry_dummy, enter_bailey_7
D:9:      layout_stronghold, nicolae_diode_stairs
D:10:     layout_long_grid, uniq_joseph
D:11:     layout_loops_ring, serial_shops, shop, nicolae_shop_rolled_up,
          ebering_ghost_reflecting_pool, minmay_increasing_density, uniq_snorg
D:12:     layout_irregular_city, orc_0_dummy, gammafunk_ghost_grave,
          enter_trove_6
D:13:     layout_cave_pools, serial_rivers, chequers_serial_rivers_micro_c,
          chequers_serial_rivers_micro_d, chequers_serial_rivers_micro_d,
          chequers_serial_rivers_micro_d, chequers_serial_rivers_micro_c,
          minmay_hedge_maze, uniq_josephine
Lair:1:   layout_long_grid, dreamdust_deal_with_the_devil, serial_bayou_pond_d,
          serial_bayou_crossing
Lair:2:   layout_layer_cave, minmay_swamp_entry_worms, spider_nest_entry_webs
Lair:3:   layout_long_grid, lemuel_fruit_tree, grunt_megastairs_5
Orc:1:    layout_diamond_mine, serial_shops, shop, basic_altar,
          nicolae_orc_lava_room
Orc:2:    pf_orc_diabolical, layout_caves, gammafunk_ghost_wrathful_warriors,
          minmay_orc_temple_c, uniq_urug
Elf:1:    layout_gridlike, serial_shops, nicolae_shop_waterfront, minivault_28,
          grunt_megastairs_2

Skill      XL: |  1  2  3  4  5  6  7  8  9 10 11 12 13 14 15 |
---------------+----------------------------------------------+-----
Spellcasting   | 5 6 7 8 9 10 11 | 11.4
Invocations    | 1 2 3 4 5 6 8 9 10 11 | 11.2
Fighting       | 1 2 3 5 6 7 9 10 | 10.3
Short Blades   | 1 2 3 5 6 7 9 10 | 10.3
Long Blades    | 1 2 3 5 6 7 9 10 | 10.3
Axes           | 1 2 3 5 6 7 9 10 | 10.3
Maces & Flails | 1 2 3 5 6 7 9 10 | 10.3
Polearms       | 1 2 3 5 6 7 9 10 | 10.3
Staves         | 1 2 3 5 6 7 9 10 | 10.3
Ranged Weapons | 1 2 3 5 6 7 9 10 | 10.3
Throwing       | 1 2 3 5 6 7 9 10 | 10.3
Armour         | 1 2 3 5 6 8 9 11 12 13 | 13.1
Shields        | 1 2 3 5 6 7 9 10 | 10.3
Unarmed Combat | 1 2 3 5 6 7 9 10 | 10.3
Evocations     | 1 2 3 5 6 7 9 10 | 10.3
Conjurations   | 1 2 3 4 5 6 7 8 |  8.6
Hexes          | 1 2 3 4 5 6 7 8 |  8.6
Necromancy     | 1 2 3 4 5 6 7 8 |  8.6
Translocations | 1 2 3 4 5 6 7 8 |  8.6
Transmutations | 1 2 3 4 5 6 7 8 |  8.6
Fire Magic     | 1 2 3 4 5 6 7 8 |  8.6
Ice Magic      | 1 2 3 4 5 6 7 8 |  8.6
Air Magic      | 1 2 3 4 5 6 7 8 |  8.6
Earth Magic    | 1 2 3 4 5 6 7 8 |  8.6
Poison Magic   | 1 2 3 4 5 6 7 8 |  8.6
Dodging        | 5 6 7 8 9 10 11 | 11.2
Stealth        | 5 6 7 8 9 10 11 | 11.1
Summonings     | 8 9 10 11 | 11.1

Action                     |  1- 3 |  4- 6 |  7- 9 | 10-12 | 13-15 || total
---------------------------+-------+-------+-------+-------+-------++-------
  Melee: Short sword       |    45 |       |       |       |       ||    45
         Bite              |     5 |     4 |    10 |    31 |    72 ||   122
         Dagger            |    13 |    59 |   143 |   221 |   490 ||   926
         Punch             |       |       |       |    14 |    39 ||    53
   Cast: Summon Small Mamm |    12 |     7 |    25 |    82 |    47 ||   173
         Call Imp          |     3 |    10 |    26 |    37 |    37 ||   113
         Call Canine Famil |     2 |     7 |    24 |    41 |    99 ||   173
         Summon Guardian G |       |       |     9 |    20 |    59 ||    88
         Summon Lightning  |       |       |     6 |    24 |    13 ||    43
         Mephitic Cloud    |       |       |     2 |     7 |    10 ||    19
         Magic Dart        |       |       |       |     4 |     1 ||     5
         Stone Arrow       |       |       |       |     2 |     8 ||    10
         Summon Cactus Gia |       |       |       |       |    81 ||    81
         Summon Ice Beast  |       |       |       |       |    47 ||    47
         Iron Shot         |       |       |       |       |     1 ||     1
         Summon Forest     |       |       |       |       |     1 ||     1
 Invoke: Channel Magic     |       |       |       |     2 |       ||     2
         Divine Exegesis   |       |       |       |       |     1 ||     1
    Use: Scroll            |     2 |       |    12 |     9 |    14 ||    37
         Potion            |       |       |     1 |     2 |    12 ||    15
   Stab: Sleeping          |     2 |     7 |    11 |       |     5 ||    25
         Distracted        |       |       |     2 |     6 |     5 ||    13
         Confused          |       |       |       |     2 |     5 ||     7
         Invisible         |       |       |       |       |     1 ||     1
 Armour: Robe              |    11 |     5 |    21 |       |     1 ||    38
         Steam dragon scal |       |       |    19 |    93 |   152 ||   264
  Dodge: Dodged            |    59 |    47 |   119 |   192 |   408 ||   825
         Repelled          |     1 |       |     1 |       |    13 ||    15
